 Dungeon Crawl Stone Soup version 0.26-a0-597-gb535b0901c (webtiles) character file.

Game seed: 7888847827992010646

17 vurker the Chucker (level 2, 0/25 HPs)
             Began as a Minotaur Hunter on Sept 11, 2020.
             Slain by a dart slug (1 damage)
             ... on level 2 of the Dungeon.
             The game lasted 00:00:21 (141 turns).

vurker the Chucker (Minotaur Hunter)                 Turns: 141, Time: 00:00:22

Health: 0/25       AC:  3    Str: 16    XL:     2   Next: 44%
Magic:  1/1        EV: 12    Int:  8    God:
Gold:   29         SH:  0    Dex: 10    Spells: 1/1 levels left

rFire    . . .     SeeInvis .   a - +0 short sword
rCold    . . .     Faith    .   (no shield)
rNeg     . . .     Spirit   .   b - +0 leather armour
rPois    .         Reflect  .   (helmet restricted)
rElec    .         Harm     .   (no cloak)
rCorr    .                      (no gloves)
MR       .....                  (no boots)
Stlth    +.........             (no amulet)
HPRegen  0.08/turn              (no ring)
MPRegen  0.07/turn              (no ring)

@: no status effects
A: retaliatory headbutt, horns 2
a: no special abilities


You were on level 2 of the Dungeon.
You visited 1 branch of the dungeon, and saw 2 of its levels.

You collected 29 gold pieces.

Inventory:

Hand Weapons
 a - a +0 short sword (weapon)
Missiles
 c - 6 javelins (quivered)
 d - 2 throwing nets
Armour
 b - a +0 leather armour (worn)
Potions
 e - a potion of stabbing {unknown}


   Skills:
 + Level 2.9 Fighting
 * Level 4.5 Throwing
 - Level 2.1 Dodging
 - Level 0.7 Stealth


You had one spell level left.
You didn't know any spells.
Your spell library was empty.

Dungeon Overview and Level Annotations

Branches:
Dungeon (1/15)

Altars:


Innate Abilities, Weirdness & Mutations

You reflexively headbutt those who attack you in melee.
You have a pair of horns on your head.


Message History

The bat barely misses you. You furiously retaliate!
You headbutt the bat!
You kill the bat!
You hit the hobgoblin but do no damage.
A hobgoblin comes into view.
The hobgoblin hits you with a +0 club.
The hobgoblin shouts!
You hit the hobgoblin.
You kill the hobgoblin!
Things that are here:
a +0 club; a hobgoblin corpse; a bat corpse The hobgoblin barely misses you.
Found 11 gold pieces.
You closely miss the hobgoblin.
You headbutt the hobgoblin, but do no damage.
The hobgoblin barely misses you. The hobgoblin hits you.
You hit the hobgoblin. The hobgoblin hits you.
You hit the hobgoblin.
You kill the hobgoblin!
No target in view!
No target in view!
You now have 27 gold pieces (gained 11).
Found 2 gold pieces.
You now have 29 gold pieces (gained 2).
Found a pink potion.
e - a pink potion
Found a stone staircase leading down.
There is a stone staircase leading down here.
Found 9 gold pieces.
A worm comes into view.
A worm is nearby!
A dart slug comes into view.
The worm bites you but does no damage.
Found 19 stones.
You hit the worm. You hit the worm. The worm bites you!
You hit the worm. The worm bites you!
* * * LOW HITPOINT WARNING * * *
You hit the worm. Your headbutt misses the worm. You hit the worm.
The worm bites you.
* * * LOW HITPOINT WARNING * * *
Unknown command.
You barely miss the worm. You headbutt the worm. The worm closely misses you.
You completely miss the worm. You headbutt the worm.
You kill the worm!
The dart slug bites you.
* * * LOW HITPOINT WARNING * * *
You hit the dart slug. The dart slug bites you.
* * * LOW HITPOINT WARNING * * *
You hit the dart slug but do no damage. The dart slug bites you.
You die...

..... ... . ... ... .
... #... . #.# ..### #
#.# ##.... # #w###...#
# ...###@##...# #
#...........# #####
#..........########....
#...$......#...>....###
.(............########
####.......####
#.......# ##.....##
#.......


You could see a dart slug.

Vanquished Creatures
  An adder (D:2)
  A worm (D:2)
  A bat (D:2)
  2 hobgoblins (D:2)
  A frilled lizard (D:2)
6 creatures vanquished.

Notes
Turn   | Place    | Note
-------+----------+-------------------------------------------
     0 | D:1      | vurker the Minotaur Hunter began the quest for the Orb.
     0 | D:1      | Reached XP level 1. HP: 18/18 MP: 0/0
     4 | D:1      | You fall into a shaft and drop 1 floor!
    13 | D:2      | Reached XP level 2. HP: 24/25 MP: 1/1
   140 | D:2      | HP: 1/25 [dart slug (2)]
   141 | D:2      | Slain by a dart slug

Illustrated notes

Levels and vault maps discovered:
D:1:      scummos_arrival_star, layout_rooms
D:2:      cheibrodos_greedy_goblins, layout_rooms, kennysheep_generic_room_11

Action                   || total
-------------------------++-------
Melee: Short sword       ||    17
       Headbutt          ||     4
Armor: Leather armour    ||     2
Dodge: Dodged            ||     9

Table legend: (Time is in decaauts)
 A = Elapsed time spent in this place.
 B = Non-inter-level travel time spent in this place.
 C = Inter-level travel time spent in this place.
 D = Time resting spent in this place.
 E = Time spent auto-exploring this place.
 F = Levels seen in this place.
 G = Mean time per level.
                   A        B        C        D        E       F      G
               +--------+--------+--------+--------+--------+-----+--------+
         Total |    142 |    142 |      0 |      0 |    107 |   2 |   71.0 |
       Dungeon |    142 |    142 |      0 |      0 |    107 |   2 |   71.0 |
               +--------+--------+--------+--------+--------+-----+--------+

Top non-repeatable levels by time:
     D:2: 138 daAuts
     D:1: 4 daAuts
